 Dungeon Crawl Stone Soup version 0.18-a0-717-g59c076b (webtiles) character file.

1891 Proton the Slasher (level 9, -1/81 HPs)
             Began as a Naga Fighter on Dec 8, 2015.
             Slain by an ice beast (9 damage)
             ... on level 7 of the Dungeon.
             The game lasted 00:11:18 (6939 turns).

Proton the Slasher (Naga Fighter)                   Turns: 6939, Time: 00:11:18

Health: -1/81      AC:  9    Str: 21    XL:     9   Next: 15%
Magic:  9/9        EV:  9    Int:  8    God:
Gold:   259        SH: 10    Dex: 11    Spells: 0 memorised, 8 levels left

rFire  . . .     SeeInvis +     a - +1 long sword
rCold  . . .     Clarity  .     v - +1 leather armour "Vasip" {Dex+3}
rNeg   . . .     SustAt   +     c - +0 shield
rPois  +         Gourm    .     b - +0 helmet
rElec  .         Spirit   .     w - +1 cloak
rCorr  .         Dismiss  .     (no gloves)
rMut   .         Stasis   .     (no barding)
MR     +....                    o - amulet of rage
Stlth  +.........               s - ring of wizardry
                                k - ring of sustain attributes

@: starving, very slow, somewhat resistant to hostile enchantments, very
unstealthy
A: stinger 1, see invisible, clumsy 1, deformed body, poison resistance,
screaming 1, slowness 2, slow metabolism 1, spit poison 2, weak 1, AC +3
a: Spit Poison, Evoke Berserk Rage


You were on level 7 of the Dungeon.
You were starving.

You visited 2 branches of the dungeon, and saw 8 of its levels.

You collected 259 gold pieces.

Inventory:

Hand Weapons
 a - a +1 long sword (weapon)
Armour
 b - a +0 helmet (worn)
 c - a +0 shield (worn)
 v - the +1 leather armour "Vasip" (worn) {Dex+3}
   (You found it on level 4 of the Dungeon)

   It affects your dexterity (+3).
 w - a +1 cloak (worn)
Jewellery
 k - a ring of sustain attributes (left hand)
 o - an amulet of rage (around neck)
 s - a ring of wizardry (right hand)
Wands
 p - a wand of random effects (35)
Scrolls
 e - 2 scrolls of amnesia
 f - 7 scrolls of identify {unknown}
 h - 4 scrolls of remove curse {unknown}
 i - a scroll of magic mapping {unknown}
 j - a scroll of noise
 l - 3 scrolls of teleportation
 m - a scroll of enchant weapon
 n - a scroll of enchant armour
Potions
 d - a potion of might
 g - a potion of degeneration {unknown}
 q - a potion of poison {unknown}
 r - a potion of haste {unknown}
 t - 3 potions of curing {unknown}
 u - a potion of lignification {unknown}


   Skills:
 + Level 5.5 Fighting
 + Level 5.7 Long Blades
 + Level 4.9 Armour
 + Level 4.1 Dodging
 + Level 5.1 Shields


You had 8 spell levels left.
You didn't know any spells.

Dungeon Overview and Level Annotations

Branches:
Dungeon (7/15)             Temple (1/1) D:6

Altars:
Ashenzari
Elyvilon
Fedhas
Gozag
Kikubaaqudgha
Makhleb
Nemelex Xobeh
Pakellas
Qazlal
Ru
Trog
Vehumet
Xom
Yredelemnul
Zin
The Shining One

Shops:
D:6 }


Innate Abilities, Weirdness & Mutations

You cannot wear boots.
Your serpentine skin is tough (AC +3).
You have supernaturally acute eyesight.
Armour fits poorly on your strangely shaped body.
Your system is resistant to poisons.
You cover ground very slowly.
You have a slow metabolism.
You can spit poison.
Your tail ends in a poisonous barb.
You are clumsy. (Dex -2)
You occasionally shout uncontrollably at your foes.
You are weak. (Str -2)


Message History

The ice beast is lightly wounded.
You block the ice beast's attack.
You hit the ice beast.
The ice beast is moderately wounded.
The ice beast barely misses you.
Your shield prevents you from hitting the ice beast.
The ice beast is moderately wounded.
The ice beast hits you but does no damage.
You hit the ice beast but do no damage. You tail-slap the ice beast.
The ice beast is moderately wounded.
The ice beast hits you but does no damage.
Your shield prevents you from hitting the ice beast.
The ice beast is moderately wounded.
The ice beast hits you but does no damage.
You hit the ice beast but do no damage.
The ice beast is moderately wounded.
The ice beast barely misses you. The ice beast hits you.
* * * LOW HITPOINT WARNING * * *
The ice beast freezes you!
You die...

.# #.# .# #.# .#
#.# .# #.#
.####.##########
>....(.........##
.####.#......W..#
####.#.######..##
#(...#.# #.Y@#
#.####.# #.#.# #
#.# #.#..# #.#
.W##!# #.# ####
.# .. #.. ..


You could see a phantom and an ice beast.

Vanquished Creatures
  Sigmund (D:3)
  The ghost of Mindmaker the Covert, an amateur SpWr of Ashenzari (D:4)
  Edmund (D:5)
  Duvessa (D:5)
  An ogre (D:6)
  A black bear (D:6)
  A centaur (D:6)
  A sky beast (D:3)
  A phantom (D:5)
  Dowan (D:5)
  A scorpion (D:5)
  2 giant frogs (D:6)
  4 giant frog zombies
  A centaur skeleton (D:6)
  A jelly (D:5)
  A centaur zombie (D:7)
  An orc priest (D:4)
  2 orc wizards (D:5)
  7 worker ants
  A hound skeleton (D:7)
  12 adders
  2 shadow imps
  4 oozes
  An adder zombie (D:5)
  4 worms
  4 giant geckos
  7 orcs
  4 giant cockroaches
  4 hobgoblins
  4 jackals (D:4)
  2 quokkas
  A ball python skeleton (D:5)
  14 bats
  5 giant newts
  10 goblins
  12 kobolds
  12 rats
133 creatures vanquished.

Notes
Turn   | Place    | Note
--------------------------------------------------------------
     0 | D:1      | Proton the Naga Fighter began the quest for the Orb.
     0 | D:1      | Reached XP level 1. HP: 21/21 MP: 1/1
   168 | D:1      | Reached XP level 2. HP: 4/28 MP: 2/2
   541 | D:1      | Reached skill level 1 in Dodging
   772 | D:1      | Reached XP level 3. HP: 34/34 MP: 3/3
  1465 | D:2      | Reached XP level 4. HP: 40/42 MP: 4/4
  1563 | D:2      | Found a white marble altar of Elyvilon.
  1968 | D:2      | Found a shattered altar of Ashenzari.
  2798 | D:3      | Reached XP level 5. HP: 49/49 MP: 5/5
  3051 | D:3      | Noticed Sigmund
  3075 | D:3      | Killed Sigmund
  3075 | D:3      | Reached XP level 6. HP: 14/57 MP: 6/6
  3273 | D:3      | Gained mutation: Your tail ends in a poisonous barb. [mutagenic meat]
  3274 | D:3      | Gained mutation: You occasionally shout uncontrollably at your foes. [mutagenic meat]
  3275 | D:3      | Gained mutation: You are clumsy. (Dex -2) [mutagenic meat]
  3276 | D:3      | Gained mutation: You are weak. (Str -2) [mutagenic meat]
  3292 | D:3      | Found a blossoming altar of Fedhas.
  3489 | D:4      | Noticed Mindmaker's ghost (amateur SpWr)
  3664 | D:4      | Found a bloodstained altar of Trog.
  3747 | D:4      | Reached skill level 4 in Fighting
  3747 | D:4      | Reached XP level 7. HP: 56/64 MP: 7/7
  3811 | D:4      | Got a smelly leather armour
  3831 | D:4      | Identified the +1 leather armour "Vasip" {Dex+3} (You found it on level 4 of the Dungeon)
  3847 | D:5      | Entered Level 5 of the Dungeon
  4570 | D:4      | Killed Mindmaker's ghost
  4984 | D:5      | Noticed Edmund
  5020 | D:5      | Killed Edmund
  5020 | D:5      | Reached XP level 8. HP: 13/73 MP: 8/8
  5409 | D:5      | Noticed Duvessa
  5410 | D:5      | Noticed Dowan
  5889 | D:5      | Killed Duvessa
  5889 | D:5      | Reached skill level 5 in Long Blades
  5896 | D:5      | Killed Dowan
  6086 | D:6      | Found an oddly glowing altar of Pakellas.
  6086 | D:6      | Found Pakellas's Prime Provisions.
  6111 | D:6      | Reached skill level 5 in Fighting
  6386 | D:6      | Found a stormy altar of Qazlal.
  6386 | D:6      | Found a glowing silver altar of Zin.
  6386 | D:6      | Found a bloodstained altar of Trog.
  6431 | D:6      | Found a staircase to the Ecumenical Temple.
  6439 | Temple   | Entered the Ecumenical Temple
  6498 | D:6      | Reached skill level 5 in Shields
  6498 | D:6      | Reached XP level 9. HP: 71/81 MP: 9/9
  6517 | D:6      | Found a burning altar of Makhleb.
  6517 | D:6      | Noticed a cacodemon
  6767 | D:6      | Found an oddly glowing altar of Pakellas.
  6939 | D:7      | Slain by an ice beast

Vault maps used:
D:1:      lightli_arrival_boilingwater
D:2:      lemuel_crystal_altar, ashenzari_conservatory_becter
D:3:      nicolae_overflow_hidden_temple, first_bread, uniq_sigmund
D:4:      bloody_trog
D:5:      uniq_edmund, uniq_duvessa, uniq_prince_ribbit1
D:6:      makhleb_altar_promises_db, kennysheep_mini_moat,
          gammafunk_temple_overflow_claw, minmay_temple_entry_trees,
          johnstein_pakellas_shop
D:7:      basic_altar
Temple:   nicolae_temple_no_exploring_needed

Action                   |  1- 3 |  4- 6 |  7- 9 || total
-------------------------+-------+-------+-------++-------
Melee: Long sword        |   118 |   174 |   314 ||   606
 Abil: Spit Poison       |     6 |    10 |    19 ||    35
  Use: Scroll            |       |       |     6 ||     6
  Eat: Bread ration      |       |     1 |     1 ||     2
       Meat ration       |       |     1 |       ||     1
       Chunk             |       |     5 |       ||     5
       Royal jelly       |       |       |     1 ||     1
